 Dungeon Crawl Stone Soup version 0.24.0-35-gdb84b6a5db (webtiles) character file.

Game seed: 12853635807023699269, levelgen mode: deterministic

9178 night the Jinx (level 11, 0/51 HPs)
             Began as a Spriggan Enchanter on Nov 17, 2019.
             Was an Initiate of Dithmenos.
             Killed by vampiric draining
             ... invoked by Josephine
              (3 damage)
             ... on level 10 of the Dungeon on Nov 18, 2019.
             The game lasted 00:48:34 (12168 turns).

night the Jinx (Spriggan Enchanter)                Turns: 12168, Time: 00:48:34

Health: 0/51       AC:  4    Str:  5    XL:     11   Next: 19%
Magic:  18/27      EV: 25    Int: 20    God:    Dithmenos [......]
Gold:   493        SH:  5    Dex: 16    Spells: 21/33 levels left

rFire    + . .     SeeInvis +   c - +4 dagger
rCold    x . .     Gourm    .   p - +0 buckler
rNeg     . . .     Faith    .   L - +2 robe {MR+}
rPois    .         Spirit   .   (helmet restricted)
rElec    .         Reflect  .   (no cloak)
rCorr    .         Harm     .   (gloves unavailable)
MR       ++...                  (boots unavailable)
Stlth    +++++.....             (no amulet)
HPRegen  0.17/turn              h - ring of fire
MPRegen  0.20/turn              (no ring)

@: lethally poisoned (0 -> -26), lightly drained, very quick
A: very small, unfitting armour, see invisible, herbivore, speed 3, slow
metabolism 2
a: Renounce Religion


You were on level 10 of the Dungeon.
You worshipped Dithmenos.
Dithmenos was noncommittal.
You were near starving.

You visited 2 branches of the dungeon, and saw 12 of its levels.

You collected 493 gold pieces.

Inventory:

Hand Weapons
 a - a +1 dagger
 b - a +0 trident of venom
 c - a +4 dagger (weapon)
 K - a +2 scimitar of flaming
Missiles
 e - 285 stones (quivered)
 n - 80 sling bullets
 O - 3 throwing nets
Armour
 p - a +0 buckler (worn)
 L - a +2 robe of magic resistance (worn)
Jewellery
 h - a ring of fire (left hand)
 R - a cursed -4 ring of dexterity {unknown}
Wands
 f - a wand of polymorph (10)
 u - a wand of flame (49)
 w - a wand of enslavement (9)
 x - a wand of digging (5)
 A - a wand of disintegration (10)
 B - a wand of paralysis (9)
Scrolls
 g - 3 scrolls of identify
 l - 6 scrolls of teleportation
 o - 2 scrolls of noise
 t - 5 scrolls of remove curse
 y - a scroll of fog
 C - a scroll of enchant armour
 H - a scroll of magic mapping
 I - a scroll of summoning {unknown}
 N - a scroll of enchant weapon
 P - a scroll of holy word {unknown}
 Q - a scroll of fear
Potions
 j - 2 potions of magic
 k - a potion of agility
 m - 2 potions of curing
 q - 2 potions of berserk rage
 r - 2 potions of ambrosia
 s - 5 potions of lignification
 v - a potion of brilliance
 z - a potion of haste {unknown}
 D - a potion of cancellation
 E - a potion of might {unknown}
 F - a potion of resistance {unknown}
 G - a potion of flight {unknown}
 J - a potion of mutation {unknown}
Miscellaneous
 i - a crystal ball of energy
 M - a lamp of fire
Comestibles
 d - 15 rations


   Skills:
 - Level 2.3(2.0) Fighting
 - Level 3.1(2.7) Short Blades
 + Level 10.4(10.0) Dodging
 + Level 11.7(11.3) Stealth
 * Level 11.5(11.1) Spellcasting
 * Level 12.1(11.7) Hexes


You had 21 spell levels left.
You knew the following spells:

 Your Spells              Type           Power        Failure   Level  Hunger
a - Corona                Hex            ######.      1%          1    None
b - Ensorcelled Hibernat  Hex/Ice        ####..       1%          2    None
c - Confuse               Hex            ######..     1%          3    None
d - Tukima's Dance        Hex            ######..     1%          3    None
e - Dazzling Spray        Conj/Hex       ####..       2%          3    None

Your spell library contained the following spells:

 Spells                   Type           Power        Failure   Level  Hunger


Dungeon Overview and Level Annotations

Branches:
Dungeon (11/15)            Temple (1/1) D:5             Orc (0/2) D:11
   Lair: D:8-11

Altars:
Ashenzari
Cheibriados
Dithmenos
Elyvilon
Fedhas
Gozag
Hepliaklqana
Kikubaaqudgha
Makhleb
Nemelex Xobeh
Okawaru
Qazlal
Ru
Sif Muna
Trog
Uskayaw
Vehumet
Wu Jian
Xom
Yredelemnul
Zin
The Shining One

Shops:
D:9 %[

Annotations:
D:10 Josephine


Innate Abilities, Weirdness & Mutations

You are very small and have problems with some larger weapons.
You are too small for most types of armour.
You have supernaturally acute eyesight. (SInv)
You are a herbivore.
You cover ground extremely quickly.
You need to consume almost no food.


Message History

You hit Josephine.
Josephine is almost dead.
You feel sick. You block Josephine's attack.
You hit Josephine.
Josephine is almost dead.
You feel sick.
Josephine grins evilly.
Josephine is infused with unholy energy.
* * * LOW HITPOINT WARNING * * *
Josephine draws life force from you and is healed!
Evoke which item? (* to show all) (? for menu, Esc to quit)
Aiming: Throw Flame
Press: ? - help, Shift-Dir - straight line, f/p - Josephine
Aim: Josephine, wielding a +2 dagger of venom and wearing a +0 robe (severely wounded)
The puff of flame hits Josephine.
Josephine is severely wounded.
* * * LOW HITPOINT WARNING * * *
You feel sick.
Josephine is infused with unholy energy.
You die...

..........#........>#
.#####....#.........#
.#...#....#.........#
.#........#....##'###
##...####......#....#
..#+##.⌠.......#....#
........#......#....#
.......###.#...@....#
.......#...#...#@...#
..._...'...+...#....#
.......#...#...#....#
.......##..#...#....#
........#....########
.##+##.⌠#..........
.# ####.......... .
.@........... .
#..#..........


You could see Josephine.

Vanquished Creatures
  Harold (D:10)
  Erica (D:8)
  A centaur zombie (D:9)
  Grinder (D:4)
  Prince Ribbit (D:7)
  3 hippogriffs
  3 wraiths (D:10)
  A spriggan (D:7)
  Eustachio (D:4)
  5 yaks
  3 hungry ghosts
  Grum (D:8)
  Duvessa (D:7)
  2 orc warriors
  2 ice beasts
  7 sky beasts
  A phantom (D:4)
  3 ogres
  3 wolves (D:7)
  3 centaurs
  A big kobold (D:11)
  2 crocodiles (D:7)
  3 bullfrogs
  A water moccasin zombie (D:5)
  Dowan (D:7)
  A water moccasin skeleton (D:7)
  5 scorpions
  5 wights
  2 howler monkeys (D:6)
  3 crimson imps
  A quasit (D:7)
  A bullfrog skeleton (D:6)
  2 jellies
  4 orc priests
  4 hounds
  2 centaur skeletons
  Jessica (D:2)
  2 iguanas
  Ijyb (D:4)
  5 orc wizards
  7 worker ants
  2 hound skeletons
  3 gnolls (D:6)
  7 adders
  An ooze (D:2)
  An adder zombie (D:6)
  An adder skeleton (D:7)
  A worm (D:3)
  5 dart slugs
  6 leopard geckos
  25 orcs
  4 bats
  8 giant cockroaches
  5 goblins
  6 hobgoblins
  14 jackals
  11 kobolds
  3 quokkas
  3 frilled lizards
  8 rats
212 creatures vanquished.

Vanquished Creatures (collateral kills)
  A two-headed ogre (D:8)
  An orc (D:6)
  A kobold (D:11)
3 creatures vanquished.

Vanquished Creatures (others)
  2 dancing weapons (D:6)
  4 toadstools (D:1)
6 creatures vanquished.

Grand Total: 221 creatures vanquished

Notes
Turn   | Place    | Note
-------+----------+-------------------------------------------
     0 | D:1      | night the Spriggan Enchanter began the quest for the Orb.
     0 | D:1      | Reached XP level 1. HP: 9/9 MP: 5/5
    98 | D:1      | Reached XP level 2. HP: 13/13 MP: 6/6
   282 | D:1      | Learned a level 2 spell: Ensorcelled Hibernation
   323 | D:1      | Reached skill level 4 in Hexes
   811 | D:2      | Found a snail-covered altar of Cheibriados.
   816 | D:2      | Reached skill level 5 in Stealth
   816 | D:2      | Reached XP level 3. HP: 16/16 MP: 3/8
  1152 | D:2      | Learned a level 3 spell: Confuse
  1455 | D:2      | Noticed Jessica
  1457 | D:2      | Killed Jessica
  1457 | D:2      | Reached XP level 4. HP: 21/21 MP: 10/10
  1463 | D:2      | Learned a level 3 spell: Tukima's Dance
  2028 | D:3      | You fall into a shaft and drop 3 floors!
  2031 | D:6      | Reached skill level 1 in Fighting
  2178 | D:6      | Noticed a sky beast
  2181 | D:6      | Killed a sky beast
  2181 | D:6      | Reached skill level 5 in Hexes
  2181 | D:6      | Reached XP level 5. HP: 24/25 MP: 11/11
  2197 | D:6      | Reached XP level 6. HP: 29/30 MP: 4/12
  2278 | D:6      | Noticed a sky beast
  2335 | D:6      | Killed a sky beast
  2493 | D:6      | Reached skill level 5 in Dodging
  2507 | D:6      | Reached skill level 6 in Hexes
  2688 | D:6      | Reached XP level 7. HP: 34/34 MP: 9/14
  3026 | D:6      | Found a blossoming altar of Fedhas.
  3059 | D:6      | Found a radiant altar of Vehumet.
  3069 | D:5      | Entered Level 5 of the Dungeon
  3176 | D:6      | Found a burning altar of Makhleb.
  3487 | D:5      | Reached skill level 5 in Spellcasting
  3688 | D:5      | Found a staircase to the Ecumenical Temple.
  3702 | D:5      | Reached XP level 8. HP: 37/39 MP: 11/17
  3717 | Temple   | Entered the Ecumenical Temple
  3976 | D:5      | Reached skill level 7 in Hexes
  4032 | D:5      | Found an ornate altar of the Wu Jian Council.
  4036 | D:5      | Found a stormy altar of Qazlal.
  4771 | D:4      | Found a hazy altar of Hepliaklqana.
  4782 | D:4      | Noticed Grinder
  4800 | D:4      | Killed Grinder
  4813 | D:4      | Reached skill level 8 in Hexes
  5014 | D:4      | Found an opulent altar of Gozag.
  5035 | D:4      | Noticed Eustachio
  5079 | D:4      | Killed Eustachio
  5096 | D:4      | Found a sparkling altar of Nemelex Xobeh.
  5701 | D:4      | Noticed Ijyb
  5709 | D:4      | Found a sacrificial altar of Ru.
  5711 | D:4      | Killed Ijyb
  5952 | D:3      | Found a glowing silver altar of Zin.
  6024 | D:3      | Found a hide-covered altar of Uskayaw.
  6032 | D:3      | Noticed a +0 hand axe
  6032 | D:3      | Noticed a +0 hand axe
  6033 | D:3      | Found a glowing golden altar of the Shining One.
  6041 | D:3      | Reached XP level 9. HP: 43/43 MP: 17/21
  6647 | D:6      | Reached skill level 9 in Hexes
  7230 | D:7      | Found a shimmering altar of Xom.
  7686 | D:7      | Noticed Prince Ribbit
  7687 | D:7      | Killed Prince Ribbit
  7827 | D:7      | Noticed Duvessa
  7827 | D:7      | Noticed Dowan
  7831 | D:7      | Killed Dowan
  7835 | D:7      | Killed Duvessa
  7835 | D:7      | Reached skill level 10 in Hexes
  8031 | D:7      | Reached skill level 10 in Stealth
  8142 | D:7      | Reached XP level 10. HP: 47/47 MP: 20/24
  8372 | D:8      | Noticed Grum
  8551 | D:8      | Killed Grum
  9283 | D:8      | Reached skill level 10 in Spellcasting
  9525 | D:8      | Learned a level 3 spell: Dazzling Spray
  9561 | D:8      | Noticed a two-headed ogre
  9578 | D:8      | Killed a two-headed ogre
  9649 | D:8      | Reached skill level 11 in Hexes
  9904 | D:8      | Noticed Erica
  9916 | D:9      | Found Vuxiqips's Armour Emporium.
 10467 | D:8      | Killed Erica
 10806 | D:9      | Found a glowing golden altar of the Shining One.
 10953 | D:9      | Found Teczy's Food Boutique.
 11087 | D:9      | Found an ancient bone altar of Kikubaaqudgha.
 11090 | D:9      | Reached skill level 10 in Dodging
 11242 | D:9      | Found a shadowy altar of Dithmenos.
 11250 | D:9      | Became a worshipper of Dithmenos the Shadowed
 11289 | D:10     | Entered Level 10 of the Dungeon
 11376 | D:10     | Noticed Harold
 11405 | D:10     | Killed Harold
 11405 | D:10     | Reached XP level 11. HP: 43/51 MP: 14/27
 11568 | D:10     | Reached skill level 12 in Hexes
 11793 | D:10     | Found a shattered altar of Ashenzari.
 11820 | D:10     | Noticed Josephine
 11856 | D:11     | Found a staircase to the Orcish Mines.
 12168 | D:10     | Killed from afar by Josephine

Levels and vault maps discovered:
D:1:      ldierk_walled_garden_2, layout_loops_ring
D:2:      layout_loops_ring, kennysheep_slug_shrine, first_ration,
          kennysheep_another_room, uniq_jessica
D:3:      layout_rooms, dancing_weapons_uskayaw, lemuel_doored_altar,
          zin_treasury, serial_park_tiny_1
D:4:      layout_basic, nemelex_xobeh_ov_fountains_minmay,
          lemuel_coloured_pillars_altar, overflow_temple_1_default,
          grunt_ministairs_2, lemuel_tele_altar, uniq_eustachio, uniq_grinder,
          uniq_ijyb
D:5:      layout_rooms, kennysheep_mini, minmay_temple_entry_drinking_statues,
          zaba_anthole, grunt_qazlal_sundering
D:6:      layout_loops_cross, fiery_altar_vehumet, marbit_many_paths,
          bloody_makhleb
D:7:      layout_loops_corners, nicolae_overflow_hidden_temple, the_bakery,
          uniq_duvessa, uniq_prince_ribbit1
D:8:      layout_loops_ring, uniq_grum, uniq_erica
D:9:      layout_roguey, lemuel_round_altar, lemuel_round_altar, serial_shops,
          shop, nicolae_shop_temple_entry_statues_fountains, basic_altar
D:10:     layout_grid_maze, evilmike_ruin_ashenzari, uniq_harold, uniq_josephine
D:11:     layout_big_octagon, lair_entry_dummy
Temple:   jpeg_temple_island

Skill      XL: |  1  2  3  4  5  6  7  8  9 10 11 |
---------------+----------------------------------+-----
Spellcasting   | 3 4 5 7 9 11 | 11.5
Hexes          | 4 5 6 8 10 11 12 | 12.1
Stealth        | 5 6 7 8 10 11 | 11.7
Dodging        | 4 5 7 8 10 | 10.4
Fighting       | 1 2 |  2.3
Short Blades   | 2 3 |  3.1

Action                   |  1- 3 |  4- 6 |  7- 9 | 10-12 || total
-------------------------+-------+-------+-------+-------++-------
Melee: Dagger            |    57 |   103 |   296 |   183 ||   639
       Trident           |       |       |     4 |       ||     4
Throw: Stone             |       |       |     8 |     5 ||    13
 Cast: Corona            |     1 |       |     1 |       ||     2
       Ensorcelled Hiber |    19 |    14 |    97 |    49 ||   179
       Confuse           |       |    15 |    30 |    34 ||    79
       Tukima's Dance    |       |       |     5 |     8 ||    13
       Dazzling Spray    |       |       |       |     6 ||     6
Evoke: Wand              |       |     1 |     4 |     3 ||     8
  Use: Scroll            |       |       |    19 |       ||    19
 Stab: Sleeping          |    20 |    13 |    60 |    30 ||   123
       Confused          |       |     5 |    20 |    24 ||    49
       Distracted        |       |     1 |       |       ||     1
       Invisible         |       |       |       |     1 ||     1
  Eat: Ration            |       |     1 |     3 |     2 ||     6
Armor: Robe              |     6 |     4 |    13 |     6 ||    29
Dodge: Dodged            |    25 |    64 |   194 |   137 ||   420
Block: Buckler           |       |       |     2 |    30 ||    32
